 Dungeon Crawl Stone Soup version 0.31-a0-188-g5e087ee2ca (webtiles) character file.

Game seed: 6729181158274655979

182 qw the Skirmisher (level 5, -4/29 HPs)
             Began as a Deep Elf Hunter on June 23, 2023.
             Slain by an orc
             ... wielding a +0 short sword
              (5 damage)
             ... on level 3 of the Dungeon.
             The game lasted 00:00:50 (1810 turns).

qw the Skirmisher (Deep Elf Hunter)                 Turns: 1810, Time: 00:00:50

Health: -4/29      AC:  3    Str:  7 (10) XL:     5   Next: 34%
Magic:  7/7        EV: 12    Int: 11 (14) God:
Gold:   202        SH:  0    Dex: 16 (18) Spells: 4/4 levels left

rFire   . . .        Y - +0 shortbow
rCold   . . .        (shield currently unavailable)
rNeg    . . .        c - +0 leather armour
rPois   .            (no helmet)
rElec   .            (no cloak)
rCorr   .            (no gloves)
SInv    .            (no boots)
Will    .....        (no amulet)
Stlth   ++           (no ring)
HPRegen 0.24/turn    (no ring)
MPRegen 0.10/turn

%: no passive effects
@: about to teleport
A: no striking features
a: no special abilities


You were on level 3 of the Dungeon.
You visited 1 branch of the dungeon, and saw 3 of its levels.

You collected 202 gold pieces.


   Skills:
 - Level 1.5 Fighting
 + Level 8.8 Ranged Weapons
 - Level 2.4 Dodging
 - Level 1.2 Stealth


You had 4 spell levels left.
You didn't know any spells.
Your spell library was empty.

Inventory:

Hand Weapons
 Y - a +0 shortbow (weapon)
Armour
 c - a +0 leather armour (worn)
 d - a +0 ring mail
 l - a +0 helmet
Jewellery
 j - a +6 ring of strength
Wands
 n - a wand of digging (6)
Scrolls
 a - a scroll of amnesia {unknown}
 b - a scroll of teleportation
 k - a scroll of enchant armour {unknown}
Potions
 e - a potion of curing
 f - 2 potions of enlightenment {unknown}
 g - a potion of lignification {unknown}
 h - a potion of berserk rage {unknown}
 i - a potion of mutation {unknown}
 m - a potion of magic {unknown}

Dungeon Overview and Level Annotations

Branches:
Dungeon (3/15)

Altars:

Annotations:
D:3 1 runed translucent door, Crazy Yiuf


Message History

The jackal is lightly wounded.
The jackal bites you but does no damage. x2
You shoot an arrow. The arrow closely misses the jackal.
The arrow closely misses the orc.
The orc wizard mumbles some strange words.
The orc wizard flickers and vanishes!
Deactivating autopickup; reactivate with Ctrl-A.
The jackal barely misses you.
You shoot an arrow. The arrow hits the jackal.
The jackal is heavily wounded.
The jackal completely misses you. Something hits you.
You shoot an arrow. The arrow closely misses the jackal.
The arrow hits the orc priest!
The orc priest is severely wounded.
The jackal misses you.
You hear some strange, mumbled words.
A puff of flame appears from out of thin air!
The puff of flame misses you. The orc hits you with a +0 short sword.
The jackal barely misses you.
You shoot an arrow.
The arrow closely misses the orc priest.
Something hits you. The jackal misses you.
The orc priest hits you with a +0 flail.
The orc hits you with a +0 short sword.
1808 ||| READING 2 scrolls of teleportation.
As you read the scroll of teleportation, it crumbles to dust.
You feel strangely unstable. The jackal bites you.
You hear some strange, mumbled words.
A puff of flame appears from out of thin air!
The puff of flame hits you. The orc hits you but does no damage.
The orc priest closely misses you. The jackal barely misses you.
You shoot an arrow. The arrow barely misses the orc priest.
Something hits you. The orc priest barely misses you.
The orc barely misses you.
The jackal bites you but does no damage.
You shoot an arrow. The arrow hits the orc priest!
You kill the orc priest!
The jackal bites you. Something hits you but does no damage.
The orc hits you with a +0 short sword.
You die...

....... ..#... ..
.#############.#... ....
................... ...
####....#####.#...
###.#######..%.# #.#...
#..............# #.#...
#......{.......# #.....
#......h@......# ######
#......)o......#### #...
#........)........####.#.
#.................#....#.
#..........#......#.####.
#..........#......#.####.
#..........#......#......
####.......################.
#..........# #...<#.


You could see an orc and a jackal.

Vanquished Creatures
  An orc priest (D:3)
  Natasha (thrice) (D:2)
  4 adders
  2 worms
  2 dart slugs (D:1)
  An orc (D:3)
  3 ball pythons
  6 bats
  2 endoplasms (D:1)
  2 giant cockroaches (D:1)
  7 goblins
  10 hobgoblins
  2 jackals (D:3)
  2 quokkas
  4 frilled lizards
  3 kobolds
  7 rats
61 creatures vanquished.

Notes
Turn   | Place    | Note
-------+----------+-------------------------------------------
     0 | D:1      | qw the Deep Elf Hunter began the quest for the Orb.
     0 | D:1      | Reached XP level 1. HP: 12/12 MP: 3/3
     0 | D:1      | 0 ||| qw: Version: 0.3-a-9-g12657ce
     0 | D:1      | 0 ||| qw: Game counter: 4280
     0 | D:1      | 0 ||| qw: Always use a shield: true
     0 | D:1      | 0 ||| qw: God list: Okawaru
     0 | D:1      | 0 ||| qw: Allow faded altars: false
     0 | D:1      | 0 ||| qw: Do Orc after D:15 true
     0 | D:1      | 0 ||| qw: Do second Lair branch before Depths: true
     0 | D:1      | 0 ||| qw: Lair rune preference: random
     0 | D:1      | 0 ||| qw: Plans: Normal
     0 | D:1      | 0 ||| PLANNING D:1-11
    81 | D:1      | Reached skill level 6 in Ranged Weapons
    81 | D:1      | Reached XP level 2. HP: 16/16 MP: 4/4
   358 | D:1      | Reached XP level 3. HP: 20/20 MP: 5/5
   409 | D:1      | 409 ||| READING 2 scrolls labelled JATTAE SUMU.
   414 | D:1      | 414 ||| READING scroll labelled GAOXTI INWUEM.
   415 | D:1      | 415 ||| DROPPING scroll of butterflies.
   424 | D:2      | Found a faded altar of an unknown god.
   431 | D:2      | 431 ||| STAIRDANCE
   494 | D:2      | Noticed Natasha
   501 | D:2      | HP: 4/20 [Natasha (3)]
   502 | D:2      | 502 ||| READING scroll of teleportation.
   503 | D:2      | Killed Natasha
   504 | D:2      | Reached skill level 7 in Ranged Weapons
   520 | D:2      | Noticed Natasha
   524 | D:2      | Killed Natasha
   525 | D:2      | Reached XP level 4. HP: 12/25 MP: 6/6
   849 | D:2      | Reached skill level 8 in Ranged Weapons
  1018 | D:2      | Noticed Natasha
  1025 | D:2      | Killed Natasha
  1026 | D:2      | Reached XP level 5. HP: 23/29 MP: 7/7
  1274 | D:2      | 1274 ||| READING scroll labelled QITWEHIARO.
  1275 | D:2      | 1275 ||| DRINKING 2 black potions.
  1276 | D:2      | 1276 ||| DRINKING 2 golden potions.
  1277 | D:2      | 1277 ||| DROPPING potion of degeneration.
  1517 | D:3      | Found a runed translucent door.
  1518 | D:3      | Noticed Crazy Yiuf
  1807 | D:3      | HP: 6/29 [orc/+0 short sword (5)]
  1808 | D:3      | 1808 ||| READING 2 scrolls of teleportation.
  1809 | D:3      | HP: 1/29 [something (2)]
  1810 | D:3      | Slain by an orc

Levels and vault maps discovered:
D:1:      minmay_arrival_plants_in_alcoves, layout_rooms, minmay_tiny_reverse_x
D:2:      layout_loops_cross, nicolae_ecumenical_pavilion, uniq_natasha
D:3:      layout_basic, uniq_crazy_yiuf_cottage

Skill      XL: |  1  2  3  4 |
---------------+-------------+-----
Ranged Weapons | 6 7 8 |  8.8
Fighting       | |  1.5
Dodging        | |  2.4
Stealth        | |  1.2

Action                     |  1- 3 |  4- 6 || total
---------------------------+-------+-------++-------
   Fire: Shortbow          |    78 |   135 ||   213
    Use: Scroll            |     3 |     2 ||     5
         Potion            |       |     2 ||     2
 Armour: Leather armour    |    12 |    18 ||    30
  Dodge: Dodged            |    32 |    45 ||    77

Table legend:
 A = Non-vault XP
 B = Vault XP
 C = Vault XP percentage of total XP
 D = Non-vault monster count
 E = Vault monster count
 F = Vault count percentage of total count
                 A         B        C        D         E       F
            +---------+---------+-------+---------+---------+-------
      Total |     262 |      39 |  13.0 |      58 |       3 |   4.9
            +---------+---------+-------+---------+---------+-------
        D:1 |      53 |       4 |   7.0 |      24 |       2 |   7.7
        D:2 |     112 |      35 |  23.8 |      17 |       1 |   5.6
        D:3 |      97 |       0 |   0.0 |      17 |       0 |   0.0
            +---------+---------+-------+---------+---------+-------
